 Dungeon Crawl Stone Soup version 0.29.0-11-gd7f09526c8 (webtiles) character file.

Game seed: 5794871600526645504

147 SensoryNuts the Trooper (level 5, 0/41 HPs)
             Began as a Demonspawn Fighter on Sept 3, 2022.
             Slain by Terence
             ... wielding a +2 morningstar of holy wrath
              (1 damage)
             ... on level 2 of the Dungeon.
             The game lasted 00:01:32 (2512 turns).

SensoryNuts the Trooper (Demonspawn Fighter)        Turns: 2512, Time: 00:01:34

Health: 0/41       AC:  8    Str: 16    XL:     5   Next: 7%
Magic:  5/5        EV:  9    Int: 10    God:
Gold:   92         SH:  9    Dex: 14    Spells: 4/4 levels left

rFire   . . .      SeeInvis +   a - +0 long sword
rCold   . . .      Faith    .   c - +0 buckler
rNeg    . . .      Spirit   .   b - +0 scale mail
rPois   .          Reflect  .   k - +0 helmet
rElec   .          Harm     .   (no cloak)
rCorr   .          Rampage  .   (no gloves)
Will    .....      Rage     3%  (no boots)
Stlth   ..........              (no amulet)
HPRegen 0.13/turn               (no ring)
MPRegen 0.09/turn               (no ring)

@: flying
A: condensation shield, see invisible, berserk 1
a: no special abilities


You were on level 2 of the Dungeon.
You visited 1 branch of the dungeon, and saw 2 of its levels.

You collected 92 gold pieces.

Inventory:

Hand Weapons
 a - a +0 long sword (weapon)
Armour
 b - a +0 scale mail (worn)
 c - a +0 buckler (worn)
 k - a +0 helmet (worn)
 l - a +0 pair of gloves
Scrolls
 e - a scroll of immolation {unknown}
 g - 6 scrolls of identify {unknown}
 h - 2 scrolls of fear {unknown}
 i - 2 scrolls of blinking {unknown}
 m - a scroll of enchant armour {unknown}
 n - a scroll of poison {unknown}
Potions
 d - a potion of mutation
 j - a potion of brilliance {unknown}


   Skills:
 + Level 3.5 Fighting
 * Level 3.5 Long Blades
 + Level 3.2 Armour
 + Level 0.6 Dodging
 + Level 0.1 Stealth
 + Level 3.1 Shields


You had 4 spell levels left.
You didn't know any spells.
Your spell library contained the following spells:

 Spells                   Type           Power      Damage    Failure   Level
 Malign Gateway           Summ/Tloc      0%         N/A       100%        7
 Summon Horrible Things   Summ           0%         N/A       100%        8


Dungeon Overview and Level Annotations

Branches:
Dungeon (2/15)

Altars:

Annotations:
D:2 1 runed translucent door, Crazy Yiuf, Terence


Innate Abilities, Weirdness & Mutations

A meltable shield of frost defends you. (SH +4)
You have supernaturally acute eyesight. (SInv)
You sometimes lose your temper in combat.


Message History

An adder is nearby!
An adder is nearby!
An adder is nearby!
You barely miss the adder.
The adder is almost dead.
The adder bites you but does no damage.
You slash the adder!
You kill the adder!
No target in view!
No target in view!
No target in view!
No target in view!
No target in view!
No target in view!
You now have 92 gold pieces (gained 10).
Terence the Incautious comes into view.
He is wielding a +2 morningstar of holy wrath.
Terence shouts!
Terence is nearby!
Terence is nearby!
Found 12 gold pieces.
It was a potion of mutation.
You feel extremely strange.
You feel a little pissed off.
Your vision sharpens.
Terence hits you with a +2 morningstar of holy wrath!
You convulse!
You hit Terence but do no damage.
Terence hits you with a +2 morningstar of holy wrath!
* * * LOW HITPOINT WARNING * * *
You convulse.
* * * LOW HITPOINT WARNING * * *
Terence hits you with a +2 morningstar of holy wrath.
* * * LOW HITPOINT WARNING * * *
You convulse.
* * * LOW HITPOINT WARNING * * *
It was a potion of flight.
You feel very buoyant.
You fly up into the air.
Terence hits you with a +2 morningstar of holy wrath.
* * * LOW HITPOINT WARNING * * *
You convulse.
You die...

..........# ..........#
..........# #.........#
. #.........# #.
#..$......#############.
.......@................
#######@##.##...........
........##.##...........
########...##...........
######..####...........
...^.>.................
###.............###...#
#.............# #..†#
#......†......# #...#
...............# #...#


You could see Terence.

Vanquished Creatures
  A necrophage (D:2)
  Robin (D:2)
  3 adders (D:2)
  A worm (D:2)
  A dart slug (D:2)
  3 ball pythons
  A bat (D:2)
  An endoplasm (D:1)
  6 giant cockroaches
  9 goblins (D:2)
  6 hobgoblins
  4 jackals (D:2)
  A quokka (D:2)
  A kobold (D:1)
  3 rats (D:1)
42 creatures vanquished.

Notes
Turn   | Place    | Note
-------+----------+-------------------------------------------
     0 | D:1      | SensoryNuts the Demonspawn Fighter began the quest for the
                  | Orb.
     0 | D:1      | Reached XP level 1. HP: 18/18 MP: 1/1
   363 | D:1      | Gained mutation: A meltable shield of frost defends you.
                  | (SH +4) [demonic ancestry]
   363 | D:1      | Reached XP level 2. HP: 24/24 MP: 2/2
  1598 | D:2      | Reached XP level 3. HP: 6/29 MP: 3/3
  1868 | D:2      | Noticed a necrophage
  1874 | D:2      | Killed a necrophage
  1875 | D:2      | Reached XP level 4. HP: 26/35 MP: 4/4
  2220 | D:2      | Noticed Robin
  2225 | D:2      | Killed Robin
  2251 | D:2      | Found a runed translucent door.
  2252 | D:2      | Noticed Crazy Yiuf
  2387 | D:2      | Reached XP level 5. HP: 29/41 MP: 5/5
  2508 | D:2      | Noticed Terence
  2510 | D:2      | Gained mutation: You sometimes lose your temper in combat.
                  | [potion of mutation]
  2510 | D:2      | Gained mutation: You have supernaturally acute eyesight.
                  | (SInv) [potion of mutation]
  2511 | D:2      | HP: 2/41 [Terence/+2 morningstar of holy wrath (1)]
  2512 | D:2      | Slain by Terence

Illustrated notes

Levels and vault maps discovered:
D:1:      dpeg_arrival_central, layout_basic
D:2:      layout_basic, uniq_terence, uniq_crazy_yiuf_cottage, uniq_jessica,
          uniq_robin

Skill      XL: |  1  2  3 |
---------------+----------+-----
Long Blades    | 2 3 |  3.5
Armour         | 3 |  3.2
Shields        | 3 |  3.1
Fighting       | |  3.5
Dodging        | |  0.6
Stealth        | |  0.1

Action                   |  1- 3 |  4- 6 || total
-------------------------+-------+-------++-------
Melee: Long sword        |   101 |    79 ||   180
  Use: Potion            |     1 |     2 ||     3
Armor: Scale mail        |    38 |    36 ||    74
Dodge: Dodged            |    29 |    36 ||    65
Block: Buckler           |    35 |    30 ||    65
